 Dungeon Crawl Stone Soup version 0.30-a0-451-ge042605de7 (webtiles) character file.

Game seed: 10152673381203213808

127305 Angani the Alchemist (level 16, -8/193 HPs)
             Began as a White Draconian Reaver on Dec 11, 2022.
             Was the Champion of Okawaru.
             Mangled by a spriggan defender
             ... wielding a +2 antimagic demon whip
              (20 damage)
             ... on level 2 of the Swamp on Dec 12, 2022.
             The game lasted 01:08:36 (37198 turns).

Angani the Alchemist (White Draconian Reaver)      Turns: 37198, Time: 01:08:36

Health: -8/193     AC: 19    Str: 30      XL:     16   Next: 45%
Magic:  0/35       EV: 14    Int: 18 (19) God:    Okawaru [******]
Gold:   1799       SH:  0    Dex:  9      Spells: 33/46 levels left

rFire   . . .      SeeInvis .      - Unarmed
rCold   + . .      Faith    .    (shield currently unavailable)
rNeg    . . .      Spirit   +    (body armour unavailable)
rPois   +          Reflect  .    (helmet currently unavailable)
rElec   .          Harm     .    (cloak currently unavailable)
rCorr   .          Rampage  .    (gloves currently unavailable)
Will    +....                    (boots currently unavailable)
Stlth   +++.......               G - amulet of guardian spirit
HPRegen 0.52/turn                v - ring of fire
MPRegen 0.24/turn                r - +4 ring of evasion

@: mighty, about to teleport, dragon-form, heroic, flying, hasted, studying Ice
Magic, very quick
A: dragon claw, dragon scales, flying, boosted hp, breathe frost, AC +9, giant,
unfitting armour, (cold resistance 1), (cold-blooded), deterioration 1, strong 1
a: Breathe Frost, End Transformation, Renounce Religion, Heroism, Finesse, Duel


You were on level 2 of the Swamp.
You worshipped Okawaru.
Okawaru was exalted by your worship.
You were a fearsome ice dragon!
You visited 4 branches of the dungeon, and saw 24 of its levels.
You visited the Abyss 1 time.
You also visited: Ossuary, Bailey and Ice Cave.

You collected 3857 gold pieces.
You spent 2058 gold pieces at shops.

Inventory:

Missiles
 x - 3 throwing nets
Armour
 b - a +0 buckler
 F - a +0 cloak of poison resistance (melded)
 L - the +1 hat of Ijunoy (melded) {rPois}
   (Okawaru gifted it to you in an ice cave)

   rPois:     It protects you from poison.
 P - the +0 pair of gloves "Joucuemosch" (melded) {rN++ Int+4}
   (Okawaru gifted it to you on level 9 of the Dungeon)

   Int:       It affects your intelligence (+4).
   rN:        It greatly protects you from negative energy.
 U - the +2 pair of boots of Light (melded) {Fly rC+ Will+ rCorr}
   (Okawaru gifted it to you on level 2 of the Orcish Mines)

   rC:        It protects you from cold.
   Fly:       It grants you flight.
   rCorr:     It protects you from acid and corrosion.
   Will:      It increases your willpower.
Jewellery
 o - a ring of positive energy
 r - a +4 ring of evasion (right foreclaw)
 v - a ring of fire (left foreclaw)
 w - a ring of protection from cold
 A - a ring of positive energy
 G - an amulet of guardian spirit (around neck)
 I - a +4 ring of slaying
 N - a ring of poison resistance
 R - a +6 ring of intelligence
Wands
 j - a wand of polymorph (7)
 n - a wand of flame (42)
 t - a wand of light (13)
 E - a wand of paralysis (31)
 H - a wand of mindburst (7)
 S - a wand of iceblast (10)
Scrolls
 d - 6 scrolls of vulnerability
 e - 11 scrolls of teleportation
 f - a scroll of blinking
 g - 4 scrolls of immolation
 h - 6 scrolls of fog
 k - 7 scrolls of amnesia
 l - 2 scrolls of enchant weapon
 p - 3 scrolls of silence
 s - 6 scrolls of enchant armour
 y - a scroll of torment
 z - 4 scrolls of fear
 O - 3 scrolls of magic mapping
 Q - 2 scrolls of poison
Potions
 a - 6 potions of might
 c - 2 potions of brilliance
 i - 4 potions of lignification
 m - a potion of haste
 q - 3 potions of magic
 u - 11 potions of curing
 B - 4 potions of invisibility
 C - 3 potions of flight
 D - 4 potions of resistance
 J - 3 potions of berserk rage
 K - a potion of attraction


   Skills:
 - Level 8.6(13.6) Fighting
 - Level 7.2(12.2) Dodging
 - Level 7.4(12.4) Shields
 - Level 11.2(16.2) Unarmed Combat
 - Level 15.7 Spellcasting
 - Level 3.0 Conjurations
 - Level 16.8 Transmutations
 + Level 9.6 Invocations


You had 33 spell levels left.
You knew the following spells:

 Your Spells              Type           Power      Damage    Failure   Level
a - Kiss of Death         Conj/Necr      76%        2d11      2%          1
b - Blade Hands           Tmut           33%        N/A       1%          5
c - Dragon Form           Tmut           33%        N/A       3%          7

Your spell library contained the following spells:

 Spells                   Type           Power      Damage    Failure   Level
 Magic Dart               Conj           96%        1d7       1%          1
 Passwall                 Tmut/Erth      36%        N/A       1%          2
 Petrify                  Tmut/Erth      44%        N/A       1%          4
 Irradiate                Conj/Tmut      24%        3d19      1%          5
 Momentum Strike          Conj/Tloc      38%        3d9       3%          2
 Static Discharge         Conj/Air       38%        2-4/arc   3%          2
 Alistair's Intoxication  Tmut/Pois      29%        N/A       3%          5
 Necrotise                Necr           56%        1d6       4%          1
 Cigotuvi's Dreadful Rot  Necr/Pois/Air  28%        N/A       7%          2
 Sublimation of Blood     Necr           14%        N/A       7%          2
 Hailstorm                Conj/Ice       19%        3d6       7%          3
 Mephitic Cloud           Conj/Pois/Air  17%        N/A       9%          3
 Gell's Gravitas          Tloc           14%        N/A       13%         3
 Teleport Other           Tloc           14%        N/A       13%         3
 Vampiric Draining        Necr           14%        2d7       13%         3
 Vhi's Electric Charge    Tloc/Air       28%        N/A       13%         3
 Eringya's Noxious Bog    Tmut/Pois      22%        N/A       22%         6
 Iskenderun's Mystic Bla  Conj/Tloc      19%        2d6       24%         4
 Iskenderun's Battlesphe  Conj           24%        2d8       34%         5
 Dispel Undead            Necr           14%        3d10      41%         4
 Arcjolt                  Conj/Air       9%         1d19      54%         5
 Fireball                 Conj/Fire      14%        3d8       54%         5
 Lightning Bolt           Conj/Air       9%         1d22      54%         5
 Freezing Cloud           Conj/Ice/Air   8%         6-21      63%         5
 Agony                    Necr           14%        N/A       77%         5
 Conjure Ball Lightning   Conj/Air       9%         3x3d7     98%         6
 Dispersal                Tloc           7%         N/A       100%        6
 Orb of Destruction       Conj           12%        9d7       100%        7
 Call Imp                 Summ           Unusable   N/A       N/A         2
 Death Channel            Necr           Unusable   N/A       N/A         6

Dungeon Overview and Level Annotations

Branches:
Dungeon (15/15)            Temple (0/1) D:4            Lair (5/5) D:9
  Swamp (2/4) Lair:3       Spider (0/4) Lair:3        Slime (0/5) Lair:4
    Orc (2/2) D:9             Elf (0/3) Orc:2        Vaults (0/5) D:13
 Depths (0/4) D:15        Ossuary (visited)          Bailey (visited)
  IceCv (visited)

Altars:
Ashenzari
Cheibriados
Dithmenos
Elyvilon
Kikubaaqudgha
Okawaru
Sif Muna
Trog
Uskayaw
Vehumet
Wu Jian
Xom
Zin
Jiyva
Lugonu

Shops:
D:3 (   D:5 :?   D:8 *[*   Orc:1 *   Orc:2 (=((*

Portals:
Abyss: Lair:5

Annotations:
Lair:4 exclusion: 2 oklob plants
Swamp:2 1 transporter


Innate Abilities, Weirdness & Mutations

You are a fearsome ice dragon!
You have a powerful clawing attack.
Your giant scaled body is strong and resiliant, but less evasive.
Your breath weapon is enhanced in this form.
You are flying.
Your maximum health is greatly increased.
Your armour is entirely melded.
You are incapable of wielding weapons or throwing items.
You can breathe waves of freezing cold which knock back foes.
Your icy white scales are hard. (AC +9)
You cannot fit into any form of body armour.
((Your flesh is cold resistant. (rC+)))
((You are cold-blooded and may be slowed by cold attacks.))
Your body sometimes deteriorates upon taking damage.
Your muscles are strong. (Str +4, Int/Dex -1)


Message History

Unknown command.
Unknown command.
You bite the spriggan defender!! Your claw misses the spriggan defender.
The spriggan defender is heavily wounded.
The spriggan defender hits you with a +2 antimagic demon whip.
* * * LOW HITPOINT WARNING * * *
The spriggan rider closely misses you.
Unknown command.
Unknown command.
The spriggan defender blocks your attack.
Your claw misses the spriggan defender.
The spriggan defender is heavily wounded.
The spriggan defender hits you with a +2 antimagic demon whip.
* * * LOW HITPOINT WARNING * * *
The spriggan rider hits you but does no damage.
The spriggan defender hits you with a +2 antimagic demon whip!
* * * LOW HITPOINT WARNING * * *
Unknown command.
You feel much better.
The spriggan defender hits you but does no damage.
The spriggan rider hits you but does no damage.
Unknown command.
Unknown command.
You feel very mighty all of a sudden.
The spriggan defender hits you but does no damage.
The spriggan rider hits you from afar with a +0 spear!!
* * * LOW HITPOINT WARNING * * *
The spriggan defender closely misses you.
Unknown command.
You feel yourself speed up.
The spriggan defender hits you with a +2 antimagic demon whip!!
* * * LOW HITPOINT WARNING * * *
You feel your power leaking away.
The spriggan rider hits you but does no damage.
Unknown command.
Unknown command.
As you read the scroll of teleportation, it crumbles to dust.
You feel strangely unstable.
The spriggan defender hits you with a +2 antimagic demon whip!!
You die...

♣....#####....♣
♣♣..###...###..♣♣
♣..##...#.####..♣
♣♣..#....###..#..♣♣♣
♣..##....#≈##.##.♣.♣♣
♣..#.).).".....#...~♣
♣.©#©.).._....©#©..♣♣
♣..#..#§..}##..#..~.♣♣
♣..######D#≈#.##.....♣
♣♣..##.##i#####...~..♣♣
♣..##..ii#.###...~~.~♣
♣♣..###...###...~..~♣♣
♣♣♣
♣....#####......~~..♣
♣.♣
♣...............~~.♣♣
♣♣.♣♣
♣.~~..........§~.~♣♣
♣~~.♣
♣~~.♣♣♣♣♣♣♣♣§~.~~.♣♣
♣♣.♣♣
♣~~.♣♣.♣♣♣~...~..~.♣


You could see a spriggan defender, a spriggan rider and a spriggan.

Vanquished Creatures
  A bone dragon (Abyss:1)
  A tentacled starspawn (Abyss:1)
  An azure jelly (IceCv)
  The ghost of Stil the Ruinous, an adept DECj of Gozag (Swamp:2)
  An orc warlord (Orc:1)
  Aizul (Swamp:2)
  3 quicksilver oozes (IceCv)
  A very ugly thing (Abyss:1)
  2 eleionomae
  4 bunyips
  An eidolon (Abyss:1)
  An entropy weaver (shapeshifter) (D:13)
  2 rakshasas
  2 centaur warriors
  4 hydras
  5 catoblepae
  5 ghost crabs (Swamp:1)
  2 ogre magi
  4 two-headed ogres
  An alligator (Swamp:2)
  5 death yaks
  3 boulder beetles
  2 thrashing horrors (Lair:5)
  Urug (Lair:1)
  3 orc high priests (Orc:2)
  A spriggan berserker (Swamp:2)
  4 large abominations
  A wretched star (Abyss:1)
  A shadow wraith (D:13)
  5 goliath frogs
  A shadow demon (Abyss:1)
  4 skeletal warriors (D:14)
  5 spriggan druids
  A glowing orange brain (D:15)
  A lindwurm (shapeshifter) (D:14)
  2 swamp dragons (Swamp:1)
  A harpy (shapeshifter) (D:15)
  7 orc knights
  Pikel (D:4)
  A deep elf pyromancer (Bailey)
  A bog body (Swamp:2)
  20 ugly things
  4 oklob plants (Lair:4)
  A shining eye (shapeshifter) (D:15)
  2 moths of wrath (Swamp:2)
  10 elephants
  7 orc sorcerers
  7 cyclopes
  A will-o-the-wisp (Swamp:1)
  4 manticores
  2 ice statues (IceCv)
  A guardian serpent (shapeshifter) (Lair:5)
  4 apocalypse crabs (Swamp:1)
  Joseph (D:10)
  4 black mambas
  3 smoke demons
  8 cane toads
  7 torpor snails
  2 gargoyles
  A cane toad (shapeshifter) (Lair:5)
  Maggie (D:8)
  A kobold demonologist (D:11)
  6 komodo dragons
  A yaktaur (D:14)
  Psyche (D:10)
  2 efreet
  An unseen horror (shapeshifter) (D:14)
  A rime drake (Lair:2)
  2 freezing wraiths
  A tengu conjurer (D:14)
  3 unseen horrors
  5 ancient zymes
  2 trolls
  3 tyrant leeches
  A polar bear (Lair:3)
  A wolf spider simulacrum (D:15)
  Grinder (D:5)
  13 blink frogs (Lair:5)
  2 hornets
  29 slime creatures
  3 raiju (Abyss:1)
  A slime creature (shapeshifter) (D:13)
  2 jumping spiders (shapeshifter)
  4 shadows
  6 spriggans
  21 yaks
  2 ynoxinuls
  4 basilisks (Lair:5)
  3 wyverns
  A vampire (D:12)
  4 chaos spawn
  A wraith (D:11)
  A steam dragon (D:10)
  A neqoxec (Abyss:1)
  3 wargs
  9 vampire mosquitoes
  Edmund (D:5)
  18 water moccasins
  Menkaure (D:5)
  An acid dragon (D:14)
  11 swamp worms
  Duvessa (D:4)
  20 orc warriors
  3 black bears
  5 great orb of eyes simulacra (IceCv)
  14 wolves
  10 ogres
  2 lemures (D:5)
  7 centaurs
  2 slime creature simulacra (IceCv)
  3 kobold brigands
  A gnoll sergeant (D:10)
  12 small abominations
  13 bullfrogs
  Blork the orc (D:4)
  9 scorpions
  2 necrophages (D:6)
  3 glowing shapeshifter simulacra (IceCv)
  3 wights (D:4)
  Dowan (D:4)
  23 killer bees
  An electric eel (Lair:3)
  7 howler monkeys
  A hound (D:6)
  A gnoll bouda (D:6)
  15 orc priests
  5 jellies
  Ijyb (D:5)
  4 iguanas
  Natasha (thrice) (D:3)
  21 orc wizards
  8 mummies (Ossuary)
  20 gnolls
  8 adders
  7 river rats (D:6)
  2 shadow imps
  2 white imps
  4 ufetubi
  8 worms
  5 dart slugs
  57 orcs
  5 endoplasms
  A giant cockroach (D:4)
  4 gnoll zombies (Ossuary)
  7 hobgoblins
  8 jackals
  14 kobolds
  8 quokkas
  4 ball pythons
  3 bats
  7 frilled lizards
  9 goblins
  A hobgoblin zombie (Ossuary)
  A kobold zombie (Ossuary)
  2 orc zombies (Ossuary)
  19 rats
  A lurking horror (Abyss:1)
767 creatures vanquished.

Vanquished Creatures (others)
  An orc wizard (Orc:2)
  A shapeshifter simulacrum (IceCv)
  6 foxfires (Swamp:1)
  30 fungi
  34 plants
72 creatures vanquished.

Grand Total: 839 creatures vanquished

Notes
Turn   | Place    | Note
-------+----------+-------------------------------------------
     0 | D:1      | Angani the Draconian Reaver began the quest for the Orb.
     0 | D:1      | Reached XP level 1. HP: 17/17 MP: 3/3
   299 | D:1      | Reached XP level 2. HP: 25/25 MP: 5/5
  1015 | D:2      | Found an iron altar of Okawaru.
  1041 | D:2      | Became a worshipper of Warmaster Okawaru
  1083 | D:2      | Reached skill level 1 in Shields
  1083 | D:2      | Reached XP level 3. HP: 23/30 MP: 6/6
  1434 | D:2      | You fall into a shaft and drop 1 floor!
  1577 | D:2      | Reached XP level 4. HP: 31/37 MP: 7/7
  1814 | D:3      | Found Giurrato's Weapon Shop.
  1919 | D:3      | Noticed Natasha
  1929 | D:3      | Killed Natasha
  2230 | D:3      | Noticed Natasha
  2247 | D:3      | Killed Natasha
  2248 | D:3      | Reached XP level 5. HP: 9/45 MP: 8/8
  2513 | D:3      | Noticed Natasha
  2520 | D:3      | Killed Natasha
  2554 | D:3      | Identified the +1 leather armour of Proximity {Rampage
                  | +Inv}
  2914 | D:4      | Found a staircase to the Ecumenical Temple.
  2963 | D:4      | Reached * piety under Okawaru
  3360 | D:4      | Reached XP level 6. HP: 52/52 MP: 6/9
  3361 | D:4      | Reached skill level 5 in Unarmed Combat
  3373 | D:4      | Noticed Pikel
  3390 | D:5      | Entered Level 5 of the Dungeon
  3545 | D:4      | Killed Pikel
  3546 | D:4      | Your scales start taking on an icy white colour.
  3546 | D:4      | Reached XP level 7. HP: 55/60 MP: 8/10
  3546 | D:4      | Gained mutation: Your flesh is cold resistant. (rC+) [White
                  | Draconian growth]
  3565 | D:4      | Noticed Blork the orc
  3575 | D:4      | Killed Blork the orc
  3575 | D:4      | Reached ** piety under Okawaru
  3721 | D:4      | Noticed Duvessa
  3721 | D:4      | Noticed Dowan
  3740 | D:4      | Killed Duvessa
  3741 | D:4      | Reached XP level 8. HP: 22/67 MP: 9/11
  3742 | D:4      | Killed Dowan
  3743 | D:4      | Reached skill level 5 in Fighting
  4308 | D:5      | Noticed Grinder
  4313 | D:5      | Found an ornate altar of the Wu Jian Council.
  4320 | D:5      | Killed Grinder
  4462 | D:5      | Noticed Menkaure
  4468 | D:5      | Killed Menkaure
  4820 | D:5      | Found a radiant altar of Vehumet.
  5191 | D:5      | Found Vesoj's Magic Scroll Emporium.
  5196 | D:5      | Bought a scroll of identify for 24 gold pieces
  5196 | D:5      | Bought 3 scrolls of identify for 72 gold pieces
  5196 | D:5      | Bought a scroll of magic mapping for 90 gold pieces
  5196 | D:5      | Bought a scroll of enchant armour for 90 gold pieces
  5196 | D:5      | Bought a scroll of teleportation for 36 gold pieces
  5196 | D:5      | Bought a scroll of fear for 48 gold pieces
  5196 | D:5      | Bought a scroll of teleportation for 36 gold pieces
  5216 | D:5      | Gained mutation: Your spells are a little harder to cast,
                  | but a little more powerful. [potion of mutation]
  5216 | D:5      | Gained mutation: You have sharp toenails. [potion of
                  | mutation]
  5254 | D:5      | Noticed Ijyb
  5266 | D:5      | Killed Ijyb
  5346 | D:5      | Noticed Edmund
  5354 | D:5      | Killed Edmund
  5355 | D:5      | Reached skill level 5 in Dodging
  5467 | D:5      | Found Uryofeg's Tremendous Tomes.
  5732 | D:5      | Reached skill level 5 in Shields
  5821 | D:6      | Reached XP level 9. HP: 75/75 MP: 12/12
  5955 | D:6      | Identified the +5 sling of Qaroffo {freeze, rElec rPois
                  | Str-4 Int-5}
  6139 | D:6      | Reached *** piety under Okawaru
  6823 | D:6      | Lost mutation: Your spells are a little harder to cast, but
                  | a little more powerful. [potion of mutation]
  6823 | D:6      | Lost mutation: You have sharp toenails. [potion of
                  | mutation]
  6823 | D:6      | Gained mutation: You possess an exceptional clarity of
                  | mind. [potion of mutation]
  6823 | D:6      | Gained mutation: You are clumsy. (Dex -2) [potion of
                  | mutation]
  6823 | D:6      | Gained mutation: You are frail. (-10% HP) [potion of
                  | mutation]
  6824 | D:6      | Lost mutation: You are clumsy. (Dex -2) [potion of
                  | mutation]
  6824 | D:6      | Lost mutation: You possess an exceptional clarity of mind.
                  | [potion of mutation]
  6824 | D:6      | Gained mutation: Potions are less effective at restoring
                  | your health. [potion of mutation]
  6824 | D:6      | Gained mutation: You have a pair of small horns on your
                  | head. [potion of mutation]
  7400 | D:7      | Found a sand-covered staircase.
  7406 | Ossuary  | Entered an ossuary
  7758 | Ossuary  | Lost mutation: You have a pair of small horns on your head.
                  | [potion of mutation]
  7758 | Ossuary  | Lost mutation: You are frail. (-10% HP) [potion of
                  | mutation]
  7758 | Ossuary  | Lost mutation: Potions are less effective at restoring your
                  | health. [potion of mutation]
  7758 | Ossuary  | Gained mutation: You have a pair of small antennae on your
                  | head. [potion of mutation]
  7758 | Ossuary  | Gained mutation: You do not regenerate when monsters are
                  | visible. [potion of mutation]
  7759 | Ossuary  | Lost mutation: You have a pair of small antennae on your
                  | head. [potion of mutation]
  7759 | Ossuary  | Lost mutation: You do not regenerate when monsters are
                  | visible. [potion of mutation]
  7759 | Ossuary  | Gained mutation: Your muscles are strong. (Str +4, Int/Dex
                  | -1) [potion of mutation]
  8111 | D:7      | Reached **** piety under Okawaru
  8740 | D:8      | Reached XP level 10. HP: 78/86 MP: 13/13
  8789 | D:8      | Found Umakei's Antique Armour Shop.
  8806 | D:8      | Found Ucaghir's Assorted Antiques.
  8840 | D:8      | Found Qesutz's Assorted Antiques.
  8991 | D:8      | Found a large runed translucent door.
  8991 | D:8      | Found a large runed translucent door.
  9111 | D:8      | Noticed Maggie
  9180 | D:8      | Killed Maggie
  9181 | D:8      | Reached skill level 10 in Unarmed Combat
  9718 | D:8      | Bought a murky amethyst potion for 31 gold pieces
  9718 | D:8      | Bought a pink potion for 31 gold pieces
  9800 | D:8      | Found a white marble altar of Elyvilon.
  9812 | D:8      | Found a shimmering blue altar of Sif Muna.
  9982 | D:9      | Found a staircase to the Orcish Mines.
 10020 | D:9      | Found a flagged portal.
 10158 | Bailey   | Entered a bailey
 10334 | Bailey   | Noticed an orc knight
 10509 | Bailey   | Killed an orc knight
 10649 | Bailey   | Found a large runed translucent door.
 10649 | Bailey   | Found a large runed translucent door.
 10650 | Bailey   | Noticed a deep elf pyromancer
 10721 | Bailey   | Killed a deep elf pyromancer
 10721 | Bailey   | Reached ***** piety under Okawaru
 11280 | D:9      | Found a staircase to the Lair.
 12013 | D:10     | Entered Level 10 of the Dungeon
 12167 | D:10     | Noticed a gargoyle
 12171 | D:10     | Killed a gargoyle
 12172 | D:10     | Reached skill level 1 in Transmutations
 12172 | D:10     | Reached XP level 11. HP: 77/95 MP: 9/14
 12236 | D:10     | Received a gift from Okawaru
 12290 | D:10     | Reached skill level 2 in Transmutations
 12467 | D:10     | Identified 2 scrolls of acquirement
 12468 | D:10     | Acquired 591 gold pieces
 12470 | D:10     | Acquired 645 gold pieces
 12655 | D:5      | Bought Louss's Anthology of Necrotic Evolution for 680 gold
                  | pieces
 12655 | D:5      | Bought the Tome of the Barrage and Sculpting for 920 gold
                  | pieces
 12661 | D:5      | Learned a level 5 spell: Blade Hands
 12669 | D:5      | Learned a level 7 spell: Dragon Form
 12908 | D:10     | Found a shimmering altar of Xom.
 12908 | D:10     | Found a glowing silver altar of Zin.
 12908 | D:10     | Noticed an angel
 12929 | D:10     | Acquired the +1 hat of the Fiddle {Dex+5}
 13148 | D:10     | Noticed Joseph
 13162 | D:10     | Killed Joseph
 13163 | D:10     | Reached skill level 3 in Transmutations
 13270 | D:10     | Noticed Psyche
 13279 | D:10     | Killed Psyche
 13741 | D:11     | Received a gift from Okawaru
 14106 | D:11     | Reached skill level 4 in Transmutations
 14679 | D:12     | Reached skill level 5 in Spellcasting
 14780 | D:12     | Reached skill level 5 in Transmutations
 15802 | D:12     | Reached skill level 6 in Transmutations
 16148 | D:13     | Noticed an entropy weaver
 16160 | D:13     | Killed an entropy weaver
 16162 | D:13     | Received a gift from Okawaru
 16318 | D:13     | Noticed a two-headed ogre
 16319 | D:13     | a two-headed ogre changed into an elephant
 16423 | D:14     | Noticed a harpy
 16435 | D:13     | Reached skill level 7 in Transmutations
 16435 | D:13     | Reached XP level 12. HP: 16/103 MP: 4/22
 16682 | D:13     | Found a shadowy altar of Dithmenos.
 16758 | D:13     | Noticed a four-headed hydra
 16777 | D:13     | Killed a four-headed hydra
 17049 | Lair:1   | Entered Level 1 of the Lair of Beasts
 17060 | Lair:1   | Noticed a death yak
 17062 | Lair:1   | Noticed a death yak
 17064 | Lair:1   | Noticed a death yak
 17121 | Lair:1   | Noticed a death yak
 17133 | D:9      | Killed a death yak
 17660 | D:9      | Killed a death yak
 17661 | D:9      | Reached skill level 8 in Transmutations
 17731 | D:9      | Killed a death yak
 17801 | D:9      | Killed a death yak
 17939 | D:9      | Identified the +0 pair of gloves "Joucuemosch" {rN++ Int+4}
                  | (Okawaru gifted it to you on level 9 of the Dungeon)
 17939 | D:9      | Received a gift from Okawaru
 18135 | Lair:1   | Noticed Urug
 18138 | Lair:1   | Reached skill level 9 in Transmutations
 18145 | Lair:1   | Killed Urug
 18145 | Lair:1   | Reached ****** piety under Okawaru
 18403 | Lair:1   | Noticed a catoblepas
 18415 | Lair:1   | Killed a catoblepas
 19170 | Lair:2   | Reached skill level 10 in Transmutations
 19459 | Lair:2   | Identified the +5 morningstar of Naeva {holy, Fragile
                  | Str+7}
 19855 | Lair:2   | Found a snail-covered altar of Cheibriados.
 19944 | Lair:2   | Reached XP level 13. HP: 108/108 MP: 20/26
 20401 | Lair:3   | Reached skill level 10 in Spellcasting
 20488 | Lair:3   | Received a gift from Okawaru
 20923 | Lair:3   | Found a hole to the Spider Nest.
 20932 | Lair:3   | Reached skill level 11 in Transmutations
 21453 | Lair:3   | Found a staircase to the Swamp.
 21767 | Lair:4   | Found a hide-covered altar of Uskayaw.
 21767 | Lair:4   | Found an ornate altar of the Wu Jian Council.
 22402 | Lair:4   | Received a gift from Okawaru
 22808 | Lair:4   | Found a viscous altar of Jiyva.
 22810 | Lair:4   | Found a staircase to the Slime Pits.
 23369 | Lair:5   | Entered Level 5 of the Lair of Beasts
 23644 | Lair:5   | Reached skill level 12 in Transmutations
 23674 | Lair:5   | Found a frozen archway.
 23698 | IceCv    | Entered an ice cave
 24178 | IceCv    | Noticed a quicksilver ooze
 24181 | IceCv    | Killed a quicksilver ooze
 24181 | IceCv    | Received a gift from Okawaru
 24271 | IceCv    | Identified the +1 hat of Ijunoy {rPois} (Okawaru gifted it
                  | to you in an ice cave)
 24271 | IceCv    | Received a gift from Okawaru
 24337 | IceCv    | Noticed a quicksilver ooze
 24346 | IceCv    | Killed a quicksilver ooze
 25162 | IceCv    | Found a viscous altar of Jiyva.
 25162 | IceCv    | Noticed an azure jelly
 25173 | IceCv    | Killed an azure jelly
 25174 | IceCv    | Reached XP level 14. HP: 72/116 MP: 15/30
 25290 | IceCv    | Noticed a quicksilver ooze
 25301 | IceCv    | Killed a quicksilver ooze
 25302 | IceCv    | Reached skill level 13 in Transmutations
 25425 | IceCv    | Identified the +0 leather armour of Mam Rag {Contam Rampage
                  | Str+6 Dex+3}
 25426 | IceCv    | Identified the +1 scale mail "Qiptej Maot" {rN+ Int+6
                  | Stlth-}
 27046 | Abyss:1  | Cast into level 1 of the Abyss (spriggan)
 27201 | Abyss:1  | Noticed a purple very ugly thing
 27207 | Abyss:1  | Killed a purple very ugly thing
 27231 | Abyss:1  | Identified the +1 cloak of Liberalism {-Tele *Corrode rPois
                  | SInv} (Okawaru gifted it to you on level 1 of the Abyss)
 27231 | Abyss:1  | Received a gift from Okawaru
 27283 | Abyss:1  | Reached skill level 14 in Transmutations
 27375 | Abyss:1  | Noticed a bone dragon
 27385 | Abyss:1  | Killed a bone dragon
 27390 | Abyss:1  | Noticed a tentacled starspawn
 27402 | Abyss:1  | Killed a tentacled starspawn
 27560 | Abyss:1  | Found a corrupted altar of Lugonu.
 27578 | Lair:5   | Escaped the Abyss
 27733 | Lair:5   | Found a corrupted altar of Lugonu.
 27733 | Lair:5   | Found a one-way gate to the infinite horrors of the Abyss.
 27739 | Lair:5   | Identified the +3 great mace "Huateun" {flame, rElec rPois
                  | Int-5 Dex+7}
 28305 | D:13     | Gained mutation: You occasionally lose the ability to drink
                  | potions when taking damage. [mutagenic glow]
 28325 | D:13     | Gained mutation: Your body sometimes deteriorates upon
                  | taking damage. [mutagenic glow]
 28359 | D:13     | Lost mutation: You occasionally lose the ability to drink
                  | potions when taking damage. [mutagenic glow]
 28410 | D:13     | Noticed a broodmother
 28412 | D:13     | a broodmother changed into a goliath frog
 28433 | D:13     | Found a gate to the Vaults.
 28807 | D:13     | Received a gift from Okawaru
 28808 | D:13     | Reached skill level 15 in Transmutations
 28960 | D:14     | Reached XP level 15. HP: 123/123 MP: 26/33
 29449 | D:14     | Found a bloodstained altar of Trog.
 29982 | D:14     | Found a shadowy altar of Dithmenos.
 29982 | D:14     | Found an ancient bone altar of Kikubaaqudgha.
 29984 | D:14     | Found a broken altar of Ashenzari.
 29984 | D:14     | Found a shimmering altar of Xom.
 29984 | D:14     | Found an iron altar of Okawaru.
 30222 | D:15     | Entered Level 15 of the Dungeon
 30252 | D:15     | Identified the +2 tower shield of Eternal Vigilance {rF-
                  | Int+4} (Okawaru gifted it to you on level 15 of the
                  | Dungeon)
 30252 | D:15     | Received a gift from Okawaru
 31074 | D:15     | Reached skill level 16 in Transmutations
 31100 | D:15     | Reached skill level 15 in Spellcasting
 31461 | D:15     | Found a staircase to the Depths.
 31666 | Orc:1    | Entered Level 1 of the Orcish Mines
 31668 | Orc:1    | Found Nyrymoc's Overcharged Wands.
 32196 | Orc:2    | Entered Level 2 of the Orcish Mines
 32275 | Orc:2    | Found Ygouroim's Gadget Gallery.
 32329 | Orc:2    | Paralysed by an ogre mage for 5 turns
 32347 | Orc:2    | Identified the +2 pair of boots of Light {Fly rC+ Will+
                  | rCorr} (Okawaru gifted it to you on level 2 of the Orcish
                  | Mines)
 32347 | Orc:2    | Received a gift from Okawaru
 32638 | Orc:2    | Found a staircase to the Elven Halls.
 32801 | Orc:2    | Found Vineid's Weapon Shoppe.
 33311 | Orc:2    | Found Komailum's Weapon Boutique.
 33312 | Orc:2    | Found Cepuy's Jewellery Boutique.
 33321 | Orc:2    | Found Noogus's Antique Weapon Shoppe.
 33697 | Swamp:1  | Entered Level 1 of the Swamp
 33757 | Swamp:1  | Reached skill level 1 in Invocations
 33935 | Swamp:1  | Reached XP level 16. HP: 129/129 MP: 20/35
 34180 | Swamp:1  | Found a runed translucent door.
 34314 | Swamp:1  | Reached skill level 5 in Invocations
 34849 | Swamp:1  | Identified the +5 rapier of Disgust {antimagic, Will+ Int+3
                  | SInv} (Okawaru gifted it to you on level 1 of the Swamp)
 34849 | Swamp:1  | Received a gift from Okawaru
 35174 | Swamp:2  | Noticed Aizul
 35514 | Swamp:2  | Killed Aizul
 36002 | Swamp:2  | Noticed Stil's ghost (adept DECj)
 36008 | Swamp:2  | Found a bloodstained altar of Trog.
 36027 | Swamp:2  | Found a transporter.
 36030 | Swamp:2  | Found a transporter.
 36816 | Swamp:2  | Killed Stil's ghost
 37198 | Swamp:2  | Mangled by a spriggan defender

Illustrated notes

Levels and vault maps discovered:
D:1:      dpeg_arrival_round_b, layout_rooms, serial_co_window_serial,
          co_window_corner_a, co_window_of_opportunity_a, co_window_corner_a,
          co_window_paths_a, co_window_paths_a, co_window_paths_b,
          co_window_of_opportunity_a, co_window_corner_a,
          co_window_of_opportunity_a, co_window_corner_b, co_window_paths_c,
          co_window_broadway_a, co_window_unsneaky_path_d, co_window_broadway_a,
          co_window_2corner, co_window_paths_e, glass_columns_a,
          glass_columns_c, glass_columns_b, glass_columns_a
D:2:      layout_rooms, basic_altar
D:3:      layout_basic, serial_shops, nicolae_square_shop, serial_bayou,
          serial_bayou_crossing, serial_bayou_pond_d, serial_bayou_shore_a,
          serial_bayou_lake_a, uniq_natasha
D:4:      layout_basic, minmay_temple_entry_statues_fountains,
          serial_corexii_hall, chequers_hall_statues_corner_a,
          corexii_hall_statues_deadend, uniq_duvessa, uniq_pikel,
          uniq_blork_the_orc
D:5:      layout_loops_ring, mainiacjoe_overflow_catwalk_spiral, serial_shops,
          kennysheep_little_box, hangedman_decor_riveting,
          nicolae_shop_i_like_big_books, uniq_edmund, uniq_grinder, uniq_ijyb,
          uniq_menkaure
D:6:      lemuel_ratsnest, layout_basic
D:7:      layout_basic, nicolae_ossuary_entry_ruins
D:8:      layout_cave_pools, jmf_multi_god_temple2, serial_shops,
          nicolae_square_shop, nicolae_inconvenience_store,
          kennysheep_mini_moat, uniq_maggie
D:9:      layout_stronghold, grunt_lair_entry_orc_guard_hut, enter_bailey_5,
          serial_rivers, chequers_serial_rivers_micro_d,
          chequers_serial_rivers_marsh, chequers_serial_rivers_micro_c,
          chequers_serial_rivers_micro_b, chequers_serial_rivers_room_a,
          chequers_serial_rivers_micro_a
D:10:     layout_loops_ring, grunt_temple_overflow_order_and_chaos_1,
          worms_lemuel, uniq_psyche, uniq_joseph
D:11:     nicolae_cairo_tiling_large, layout_gridville
D:12:     layout_basic
D:13:     layout_rooms, david_vaults_4, nicolae_dithmenos_shadow_blocks
D:14:     layout_long_grid, nicolae_concentric_dashed_squares_wild,
          doesnt_xom_only_xom
D:15:     gammafunk_enter_depths_forms, layout_cave_pools,
          chequers_serial_rivers_small_b
Lair:1:   layout_long_grid, chequers_serial_rivers_small_a, uniq_urug
Lair:2:   layout_small_grid, minivault_19, kennysheep_snail_temple,
          grunt_megastairs_5
Lair:3:   layout_regular_city, nicolae_swamp_entry_splash_gauntlet,
          nicolae_spider_entry_non_spiders
Lair:4:   minmay_lair_oklob_tunnel, layout_regular_city,
          minmay_slime_entry_oklob_enclosed, nicolae_lair_grove_arrangements,
          nzn_masters_of_martial_movement
Lair:5:   hellmonk_lair_end_abyssal_woods, layout_cave_pods,
          portal_ice_cave_entry_pillars_2, grunt_megastairs_4,
          lemuel_fruit_fields
Swamp:1:  gammafunk_mikee_crab_dinner, layout_basic_swamp,
          evilmike_swamp_ruin_house_2, swamp_pool4
Swamp:2:  layout_falls_marsh, gammafunk_ghost_wrathful_warriors,
          nicolae_swamp_ascending_descending, swamp_pool4,
          nicolae_swamp_big_swirl, infiniplex_staircase_pool, uniq_aizul
Orc:1:    layout_caves, nicolae_shop_overcharged_wands
Orc:2:    st_orc_elflike, layout_caves, nicolae_shop_gadgets

Skill      XL: |  1  2  3  4  5  6  7  8  9 10 11 12 13 14 15 16 |
---------------+-------------------------------------------------+-----
Dodging        | 2 3 4 5 6 7 |  7.2
Shields        | 1 2 3 5 6 7 |  7.4
Unarmed Combat | 4 6 8 9 11 | 11.2
Fighting       | 3 4 6 7 8 |  8.6
Transmutations | 1 7 10 12 15 16 | 16.8
Spellcasting   | 6 9 12 14 15 | 15.7
Invocations    | 3 9 |  9.6
Conjurations   | |  3.0

Action                   |  1- 3 |  4- 6 |  7- 9 | 10-12 | 13-15 | 16-18 || total
-------------------------+-------+-------+-------+-------+-------+-------++-------
Melee: Unarmed           |   163 |   155 |   496 |   656 |   837 |   133 ||  2440
       Tailslap          |    24 |    20 |    68 |   105 |   150 |    18 ||   385
       Headbutt          |       |       |    20 |       |       |       ||    20
       Punch             |       |       |       |    15 |    69 |    10 ||    94
       Bite              |       |       |       |       |    57 |    20 ||    77
 Cast: Blade Hands       |       |       |       |    25 |    59 |       ||    84
       Dragon Form       |       |       |       |       |    43 |    21 ||    64
Invok: Heroism           |       |     2 |     6 |     7 |     7 |     2 ||    24
 Abil: Breathe Frost     |       |       |     8 |    10 |     7 |     2 ||    27
       End Transformatio |       |       |       |       |     2 |       ||     2
Evoke: Wand              |       |     7 |       |    22 |       |       ||    29
  Use: Potion            |       |     1 |     6 |     3 |    10 |     6 ||    26
       Scroll            |       |       |    15 |    15 |     5 |     5 ||    40
 Stab: Sleeping          |       |       |       |     2 |       |       ||     2
       Invisible         |       |       |       |     1 |     1 |       ||     2
Armor: Skin              |    41 |    47 |   102 |   197 |   375 |    74 ||   836
Dodge: Dodged            |    77 |    94 |   235 |   542 |   557 |    77 ||  1582
Block: Buckler           |    11 |    24 |    99 |   140 |       |       ||   274

Table legend: (Time is in decaauts)
 A = Elapsed time spent in this place.
 B = Non-inter-level travel time spent in this place.
 C = Inter-level travel time spent in this place.
 D = Time resting spent in this place.
 E = Time spent auto-exploring this place.
 F = Levels seen in this place.
 G = Mean time per level.
                   A        B        C        D        E       F      G
               +--------+--------+--------+--------+--------+-----+--------+
         Total |  36960 |  35313 |   1647 |   9899 |  18811 |  28 | 1320.0 |
       Dungeon |  20685 |  19531 |   1154 |   5038 |  11258 |  15 | 1379.0 |
          Lair |   7480 |   7242 |    238 |   1667 |   4543 |   5 | 1496.0 |
         Swamp |   3484 |   3288 |    196 |    987 |   1772 |   2 | 1742.0 |
  Orcish Mines |   1867 |   1810 |     57 |    544 |    967 |   2 |  933.5 |
         Abyss |    520 |    520 |      0 |     59 |      0 |   1 |  520.0 |
       Ossuary |    394 |    394 |      0 |      0 |    270 |   1 |  394.0 |
        Bailey |    731 |    731 |      0 |    265 |      0 |   1 |  731.0 |
      Ice Cave |   1795 |   1795 |      0 |   1338 |      0 |   1 | 1795.0 |
               +--------+--------+--------+--------+--------+-----+--------+

Top non-repeatable levels by time:
     D:9: 2944 daAuts
  Lair:5: 2038 daAuts
  Lair:4: 1929 daAuts
 Swamp:2: 1798 daAuts
   IceCv: 1795 daAuts
     D:5: 1711 daAuts
 Swamp:1: 1686 daAuts
    D:12: 1639 daAuts
     D:6: 1578 daAuts
    D:14: 1557 daAuts
  Lair:3: 1453 daAuts
    D:13: 1384 daAuts
    D:15: 1298 daAuts
     D:8: 1292 daAuts
     D:4: 1284 daAuts
